 Dungeon Crawl Stone Soup version 0.20.1-1-g8b1a95d (webtiles) character file.

231 Ang168 the Shield-Bearer (level 5, -7/47 HPs)
             Began as a Minotaur Fighter on July 7, 2017.
             Killed by miscasting Dazzling Spray (22 damage)
             ... on level 3 of the Dungeon.
             The game lasted 00:07:25 (1743 turns).

Ang168 the Shield-Bearer (Minotaur Fighter)         Turns: 1743, Time: 00:07:26

Health: -7/47      AC:  8    Str: 23    XL:     5   Next: 72%
Magic:  1/4        EV:  8    Int:  5    God:
Gold:   198        SH: 10    Dex: 10    Spells: 1/4 levels left

rFire    . . .     SeeInvis +   a - +0 long sword
rCold    . . .     Gourm    .   c - +0 shield
rNeg     . . .     Faith    .   b - +0 scale mail
rPois    .         Spirit   .   l - +1 hat
rElec    .         Reflect  .   (no cloak)
rCorr    .         Harm     .   (no gloves)
MR       .....                  (no boots)
Stlth    ..........             (no amulet)
Regen    0.2/turn               e - +2 ring of strength
MPRegen  0.1/turn               k - ring of see invisible

@: very slightly contaminated
A: retaliatory headbutt, horns 2
a: no special abilities


You were on level 3 of the Dungeon.
You were not hungry.

You visited 1 branch of the dungeon, and saw 3 of its levels.
You also visited: Sewer.

You collected 198 gold pieces.

Inventory:

Hand Weapons
 a - a +0 long sword (weapon)
Armour
 b - a +0 scale mail (worn)
 c - a +0 shield (worn)
 l - a +1 hat (worn)
Jewellery
 e - a +2 ring of strength (left hand)
 k - a ring of see invisible (right hand)
Potions
 d - 3 potions of might
 g - a potion of resistance {unknown}
 h - 2 potions of ambrosia
 j - a potion of berserk rage {unknown}
 m - a potion of haste {unknown}
Books
 i - a book of Maledictions

   Spells                             Type                      Level
   a - Corona                         Hexes                        1
   b - Ensorcelled Hibernation        Hexes/Ice                    2
   c - Confuse                        Hexes                        3
   d - Tukima's Dance                 Hexes                        3
   e - Dazzling Spray                 Conjuration/Hexes            3
Comestibles
 f - 5 bread rations


   Skills:
 + Level 4.3 Fighting
 + Level 4.1 Long Blades
 + Level 4.4 Armour
 + Level 1.8 Dodging
 + Level 5.4 Shields
 + Level 0.1 Spellcasting
 + Level 0.1 Conjurations
 + Level 0.1 Hexes


You had one spell level left.
You knew the following spells:

 Your Spells              Type           Power        Failure   Level  Hunger
a - Dazzling Spray        Conj/Hex       #.....       100%        3    ####...


Dungeon Overview and Level Annotations

Branches:
Dungeon (3/15)

Altars:


Innate Abilities, Weirdness & Mutations

You reflexively headbutt those who attack you in melee.
You have a pair of horns on your head.


Message History

The orc hits you but does no damage. The orc barely misses you.
Unknown command.
You closely miss the orc.
You block the orc's attack. x2; The orc hits you.
You hit the orc but do no damage. The orc completely misses you.
You riposte.
You slash the orc!
You kill the orc!
The orc hits you with a flail of protection.
You block the orc's attack.
Unknown command.
Okay, then.
Casting: Dazzling Spray
Confirm with . or Enter, or press ? or * to list all spells.
The spell is very dangerous to cast!
Continue anyway?
Aiming: Dazzling Spray
Press: ? - help, Shift-Dir - straight line, f - orc
Aim: an orc, wearing a leather armour You miscast Dazzling Spray.
You are very lightly contaminated with residual magic.
You are blasted with magical energy!
You die...

#.# ####### #.# .....
########## ..#
.....####........# #..
.................# #.#
#.#######........# #.#
##.# ##........# #.#
####)o# ##.........#
#.####...o@#
#..########.
#......###.#####.##
####.
##..#........(....#
##....
######.....#####.#######
#.†... ....#...#### #.#
#<#.##
###...#.########># #...#
...............#.#
###..##
.##.......####.>.##
#...## .##.......#
###..# #.#.#


You could see 2 orcs.

Vanquished Creatures
  A sky beast (D:3)
  An orc priest (D:3)
  4 adders
  A river rat (D:3)
  A worm (D:3)
  3 dart slugs (D:1)
  2 leopard geckos (D:1)
  2 orcs (D:3)
  A giant cockroach (D:3)
  3 goblins
  8 hobgoblins
  4 jackals (D:2)
  2 ball pythons
  8 bats
  3 frilled lizards
  3 kobolds
  5 rats
52 creatures vanquished.

Notes
Turn   | Place    | Note
-------+----------+-------------------------------------------
     0 | D:1      | Ang168 the Minotaur Fighter began the quest for the Orb.
     0 | D:1      | Reached XP level 1. HP: 19/19 MP: 0/0
   316 | D:1      | Reached XP level 2. HP: 27/27 MP: 1/1
   543 | D:1      | Reached skill level 4 in Shields
   890 | D:2      | Reached XP level 3. HP: 31/33 MP: 2/2
  1217 | D:2      | Reached XP level 4. HP: 38/40 MP: 3/3
  1245 | D:2      | Learned a level 3 spell: Dazzling Spray
  1436 | D:3      | Noticed a sky beast
  1446 | D:3      | Killed a sky beast
  1446 | D:3      | Reached skill level 1 in Dodging
  1446 | D:3      | Reached skill level 5 in Shields
  1446 | D:3      | Reached XP level 5. HP: 39/46 MP: 4/4
  1576 | D:3      | Found a glowing drain.
  1590 | Sewer    | Entered a sewer
  1743 | D:3      | Killed by miscasting Dazzling Spray

Skill      XL: |  1  2  3  4  5 |
---------------+----------------+-----
Armour         | 4 |  4.4
Fighting       | 4 |  4.3
Shields        | 4 5 |  5.4
Long Blades    | 3 4 |  4.1
Dodging        | 1 |  1.8
Spellcasting   | |  0.1
Conjurations   | |  0.1
Hexes          | |  0.1

Action                   |  1- 3 |  4- 6 || total
-------------------------+-------+-------++-------
Melee: Long sword        |    96 |    41 ||   137
       Headbutt          |    14 |     7 ||    21
  Use: Scroll            |     5 |     2 ||     7
  Eat: Bread ration      |     1 |       ||     1
Armor: Scale mail        |    62 |    28 ||    90
Dodge: Dodged            |    48 |    19 ||    67
Block: Shield            |    81 |    38 ||   119
       Rpst.: Long sword |    12 |     5 ||    17
